[ AOE2 MATCH · #508380264 ]
UnrankedBohemians vs Tupi
Player's team · LOSS
Rival team · WIN
[ REPLAY ANALYSIS · EXTRACTED FROM THE RECORDED GAME ]
Feudal
—
Castle
—
Imperial
—
| APM avg | 97.7 |
| APM peak | 155 |
| eAPM avg | 26.6 |
| Villagers / military | 26 / 0 |
Focus
⚔️ 25.7% · 🌾 74.3%
Feudal
—
Castle
—
Imperial
—
| APM avg | 45.8 |
| APM peak | 72 |
| eAPM avg | 21.9 |
| Villagers / military | 33 / 0 |
Focus
⚔️ 26.1% · 🌾 73.9%
Match map
Initial resources + every placement click. Lines = walls · curves = elevation contours. ◆ gold · ⬟ stone · ● berries · ✦ relic · ◌ wall gap
Your base
sultan99's base
Smoothed initial terrain · ◌ = detected wall gap · hover for details
Inputs per minute
— タンヤ - - sultan99
Build order — タンヤ
32 actions detected in the replay
| 0:04 | Queue | Villager (Male) |
| 0:05 | Queue | Villager (Male) |
| 0:05 | Queue | Villager (Male) |
| 0:06 | Build | House |
| 0:07 | Build | House |
| 0:10 | Queue | Villager (Male) |
| 0:10 | Queue | Villager (Male) |
| 1:32 | Queue | Villager (Male) |
| 2:08 | Queue | Villager (Male) |
| 2:08 | Queue | Villager (Male) |
| 2:08 | Queue | Villager (Male) |
| 2:33 | Research | Loom |
| 2:33 | Research | Loom |
| 2:58 | Queue | Villager (Male) |
| 3:24 | Queue | Villager (Male) |
| 3:24 | Queue | Villager (Male) |
| 3:24 | Queue | Villager (Male) |
| 3:55 | Queue | Villager (Male) |
| 3:55 | Queue | Villager (Male) |
| 4:47 | Queue | Villager (Male) |
| 5:07 | Queue | Villager (Male) |
| 5:07 | Queue | Villager (Male) |
| 5:42 | Queue | Villager (Male) |
| 5:47 | Build | House |
| 6:48 | Queue | Villager (Male) |
| 8:14 | Queue | Villager (Male) |
| 9:06 | Queue | Villager (Male) |
| 9:06 | Queue | Villager (Male) |
| 9:07 | Queue | Villager (Male) |
| 9:27 | Queue | Villager (Male) |
| 9:27 | Queue | Villager (Male) |
| 9:35 | Build | Mill |
Build order — sultan99
41 actions detected in the replay
| 0:01 | Queue | Villager (Male) |
| 0:02 | Queue | Villager (Male) |
| 0:03 | Build | House |
| 0:05 | Build | House |
| 0:18 | Queue | Villager (Male) |
| 0:18 | Queue | Villager (Male) |
| 1:06 | Queue | Villager (Male) |
| 1:06 | Queue | Villager (Male) |
| 1:32 | Queue | Villager (Male) |
| 2:09 | Build | Settlement |
| 2:22 | Queue | Villager (Male) |
| 2:22 | Queue | Villager (Male) |
| 2:42 | Queue | Villager (Male) |
| 2:42 | Queue | Villager (Male) |
| 2:59 | Queue | Villager (Male) |
| 2:59 | Queue | Villager (Male) |
| 3:15 | Queue | Villager (Male) |
| 3:15 | Queue | Villager (Male) |
| 3:42 | Queue | Villager (Male) |
| 3:42 | Queue | Villager (Male) |
| 3:43 | Queue | Villager (Male) |
| 4:34 | Queue | Villager (Male) |
| 4:51 | Queue | Villager (Male) |
| 4:51 | Queue | Villager (Male) |
| 4:52 | Queue | Villager (Male) |
| 5:57 | Queue | Villager (Male) |
| 6:00 | Research | Loom |
| 7:39 | Build | House |
| 7:42 | Build | House |
| 7:46 | Queue | Villager (Male) |
| 8:24 | Queue | Villager (Male) |
| 8:25 | Queue | Villager (Male) |
| 8:28 | Queue | Villager (Male) |
| 8:41 | Build | Palisade Wall |
| 8:43 | Build | Palisade Wall |
| 9:17 | Queue | Villager (Male) |
| 9:42 | Queue | Villager (Male) |
| 9:42 | Queue | Villager (Male) |
| 10:17 | Queue | Villager (Male) |
| 10:17 | Queue | Villager (Male) |
| 10:20 | Queue | Villager (Male) |
Match timeline
| 8:41 | sultan99 · wall_segment Palisade Wall x1 |
| 8:43 | sultan99 · wall_segment Palisade Wall x1 |
| 11:23 | タンヤ · resign |
[ AI ANALYSIS · 1 CREDIT ]
What really happened in this match?
Wolo.gg analyzes every decision: build order, eco, micro, common mistakes by bracket. Personalized analysis on WhatsApp or Discord in 30 seconds.
Civ guide
Bohemians
Perfil
Jugador #319891